AoeStats
← SHROMER

Four Lakes

509439419Analyzed
1v1 RM · 7d ago on Sep 26, 2026· 34m 39s· 2 players
Game mode
Random Map
Map size
Tiny (2 player)
Population
200
Speed
Normal
Resources
Standard
Victory
Conquest
Starting age
Dark Age
Ending age
Imperial Age
RankedLock teamsTeams togetherTeam positionsShared explorationLock speedFull tech treeHidden civsTurbo modeCheats
Victory
Defeat
🇬🇧 Lithuanians · United Kingdom
1183
+17
🇺🇸 Byzantines · United States
1198
-17
SHROMER
6:50 Loom
9:51 Feudal Age
17:34 Wheelbarrow
17:31 Double-Bit Axe
20:07 Castle Age
20:05 Gold Mining
20:23 Scale Barding Armor
21:07 Bloodlines
22:52 Padded Archer Armor
26:07 Bloodlines
25:43 Horse Collar
28:12 Chain Barding Armor
33:35 Imperial Age
32:19 Fletching
wilsonj99
7:38 Loom
9:46 Feudal Age
10:17 Double-Bit Axe
10:15 Horse Collar
13:55 Fletching
18:18 Wheelbarrow
20:34 Castle Age
19:36 Gold Mining
20:59 Crossbowman
21:59 Bodkin Arrow
23:10 Pikeman
23:52 Scale Mail Armor
24:32 Bow Saw
25:30 Thumb Ring
28:27 Ballistics
28:42 Arson
31:49 Squires
34:23 Imperial Age
35:13 Bracer
Connection lost

Rejoining the realm…

Still unreachable

The connection could not be restored.

Session expired

The server has moved on; the page needs a fresh start.